 Dungeon Crawl Stone Soup version 0.28.0 (webtiles) character file.

Game seed: 9878563979454924431

10494 zkyp the Cleaver (level 11, 0/65 HPs)
             Began as a Gargoyle Gladiator on Feb 10, 2022.
             Was a High Priest of Okawaru.
             Slain by a white ugly thing (24 damage)
             ... on level 10 of the Dungeon.
             The game lasted 00:19:19 (12250 turns).

zkyp the Cleaver (Gargoyle Gladiator)              Turns: 12250, Time: 00:19:20

Health: 0/65       AC: 45    Str: 21    XL:     11   Next: 63%
Magic:  14/16      EV:  7    Int: 13    God:    Okawaru [*****.]
Gold:   1143       SH:  0    Dex: 11    Spells: 10/10 levels left

rFire   . . .      SeeInvis +   a - +2 battleaxe (elec)
rCold   . . .      Faith    .   (shield currently unavailable)
rNeg    + + .      Spirit   .   s - +8 orange crystal plate armour {Archmagi, Int+3 Clar}
rPois   ∞          Reflect  .   c - +1 helmet
rElec   +          Harm     .   (no cloak)
rCorr   .          Rampage  .   (no gloves)
Will    .....      Archmagi +   y - +2 pair of boots
Stlth   .......... Clarity  +   q - amulet "Wuryr" {Acrobat +Blink rN+ Stlth+}
HPRegen 0.20/turn               (no ring)
MPRegen 0.15/turn               o - ring of see invisible

@: heroic
A: sickness immunity, AC +8, negative energy resistance 1, electricity
resistance, torment resistance 1, petrification resistance
a: Renounce Religion, Evoke Blink, Heroism, Finesse, Duel


You were on level 10 of the Dungeon.
You worshipped Okawaru.
Okawaru was extremely pleased with you.
You visited 1 branch of the dungeon, and saw 10 of its levels.

You collected 1541 gold pieces.
You spent 398 gold pieces at shops.

Inventory:

Hand Weapons
 a - a +2 battleaxe of electrocution (weapon)
 b - a +3 dire flail
 A - a +1 dire flail of holy wrath
 D - a +0 war axe
Missiles
 d - a throwing net {=f =F}
 r - 4 curare-tipped darts (quivered)
 B - 3 javelins
Armour
 c - a +1 helmet (worn)
 h - a +0 chain mail
 s - the +8 orange crystal plate armour (worn) {Archmagi, Int+3 Clar}
   (You found it on level 8 of the Dungeon)

   Int:       It affects your intelligence (+3).
   Clar:      It protects you against confusion.
 y - a +2 pair of boots (worn)
Jewellery
 o - a ring of see invisible (right hand)
 q - the amulet "Wuryr" (around neck) {Acrobat +Blink rN+ Stlth+}
   (You found it on level 4 of the Dungeon)

   [amulet of the acrobat]

   It increases your evasion while moving and waiting.
   rN:        It protects you from negative energy.
   +Blink:    It lets you blink.
   Stlth:     It makes you more stealthy.
 u - a ring of positive energy
Wands
 i - a wand of digging (1)
Scrolls
 j - a scroll of fear
 k - a scroll of noise
 l - 3 scrolls of teleportation
 m - a scroll of vulnerability
 n - a scroll of holy word
 t - 2 scrolls of fog
Potions
 e - a potion of degeneration {unknown}
 f - 4 potions of curing {@q1}
 g - a potion of haste
 p - a potion of attraction {unknown}
 v - a potion of mutation {unknown}
 w - a potion of brilliance {unknown}
 x - a potion of flight {unknown}
 z - a potion of heal wounds
 C - a potion of magic {unknown}
 E - a potion of lignification {unknown}


   Skills:
 - Level 6.3(11.3) Fighting
 - Level 12.0(17.0) Axes
 - Level 1.7(6.7) Throwing
 - Level 9.2(14.2) Armour
 + Level 4.1(9.1) Dodging
 - Level 7.3 Invocations


You had 10 spell levels left.
You didn't know any spells.
Your spell library contained the following spells:

 Spells                   Type           Power      Damage    Failure   Level
 Shock                    Conj/Air       0%         1d3       100%        1
 Blink                    Tloc           0%         N/A       100%        2
 Ensorcelled Hibernation  Hex/Ice        0%         N/A       100%        2
 Passwall                 Tmut/Erth      0%         N/A       100%        2
 Inner Flame              Hex/Fire       0%         N/A       100%        3
 Lesser Beckoning         Tloc           0%         N/A       100%        3
 Swiftness                Air            0%         N/A       100%        3
 Airstrike                Air            0%         N/A       100%        4
 Cause Fear               Hex            0%         N/A       100%        4
 Olgreb's Toxic Radiance  Pois           0%         N/A       100%        4
 Petrify                  Tmut/Erth      0%         N/A       100%        4
 Irradiate                Conj/Tmut      0%         3d13      100%        5
 Manifold Assault         Tloc           0%         N/A       100%        5
 Ozocubu's Refrigeration  Ice            0%         4d5       100%        7
 Discord                  Hex            0%         N/A       100%        8
 Ignition                 Fire           0%         3d3       100%        8
 Sublimation of Blood     Necr           Unusable   N/A       N/A         2

Dungeon Overview and Level Annotations

Branches:
Dungeon (10/15)            Temple (0/1) D:7
   Lair: D:8-11         Orc: D:9-12

Altars:
Dithmenos
Elyvilon
Fedhas
Gozag
Makhleb
Okawaru
Qazlal
Sif Muna
Vehumet
Yredelemnul
Zin

Shops:
D:2 !   D:9 [

Annotations:
D:8 1 runed translucent door


Innate Abilities, Weirdness & Mutations

You are immune to sickness and miasma.
Your stone body is resilient. (AC +8)
You are immune to poison.
You resist negative energy. (rN+)
You are resistant to electric shocks. (rElec)
You are resistant to unholy torment.
You are immune to petrification.


Message History

No target in view!
No target in view!
No target in view!
No target in view!
No target in view!
Unknown command.
You start resting.
HP restored.
Things that are here:
a killer bee corpse; a killer bee corpse
E - a sapphire potion
Found a rapier.
You open the door.
There is an open door here.
You open the door.
There is an open door here.
Found a dagger.
A howler monkey zombie comes into view.
A howler monkey zombie is nearby!
Found a hand crossbow.
Found a radiant altar of Vehumet.
The howler monkey zombie completely misses you.
You slash the howler monkey zombie!
The howler monkey zombie is heavily damaged.
The howler monkey zombie barely misses you.
You slice the howler monkey zombie!!
You destroy the howler monkey zombie!
Okawaru accepts your kill.
No target in view!
A white ugly thing comes into view.
The white ugly thing gurgles horribly!
A white ugly thing is nearby!
You gain the combat prowess of a mighty hero.
The white ugly thing punches you! The white ugly thing freezes you!!
You are too injured to fight recklessly!
You closely miss the white ugly thing. You slash the white ugly thing!
Lightning courses through the white ugly thing!!
The white ugly thing is heavily wounded.
The white ugly thing punches you! The white ugly thing freezes you!!
You die...

#.#.#... #. . ......###
### ##.#. ..#...#... ...
..... #...#.)..# #.# #.##
.......#.# #.# ._..#...#
#.# #.## .......#.# #.#
#... #...#....####.######
####
..#...#.u@.........######.
........#..........'....#+
#.#.#..............####...
........)..........# #...
########..........# #...
############ #... #...
#... #.#.


You could see a white ugly thing.

Vanquished Creatures
  A centaur warrior (D:9)
  A tengu warrior (D:9)
  A two-headed ogre (D:4)
  2 trolls (D:9)
  2 hornets (D:8)
  Sigmund (D:2)
  A vampire (D:7)
  A wyvern (D:8)
  5 wraiths (D:8)
  7 yaks
  17 fire bats (D:8)
  A steam dragon (D:9)
  A human (D:9)
  Edmund (D:4)
  An acid dragon (D:9)
  2 sky beasts (D:6)
  An ice beast (D:5)
  An orc warrior (D:8)
  3 black bears
  An ogre (D:4)
  2 necrophages
  A centaur (D:9)
  A kobold brigand (D:8)
  2 bullfrogs
  3 scorpions
  A water moccasin zombie (D:5)
  5 killer bees (D:10)
  5 wights (D:7)
  2 electric eels (D:6)
  7 howler monkeys
  A bullfrog zombie (D:6)
  3 centaur zombies
  3 hounds
  An orc priest (D:9)
  A centaur skeleton (D:6)
  A jelly (D:5)
  A gnoll shaman (D:6)
  Jessica (D:2)
  An iguana (D:6)
  2 orc wizards
  A killer bee zombie (D:7)
  3 howler monkey zombies
  8 adders
  4 gnolls
  2 white imps
  An adder zombie (D:5)
  2 adder skeletons
  4 worms
  2 dart slugs
  16 orcs
  6 ball pythons
  75 bats
  6 endoplasms
  5 giant cockroaches
  11 goblins
  4 hobgoblins
  7 jackals
  10 kobolds
  4 quokkas
  2 frilled lizards (D:1)
  A goblin zombie (D:9)
  3 rats (D:1)
272 creatures vanquished.

Vanquished Creatures (others)
  3 plants (D:3)
3 creatures vanquished.

Grand Total: 275 creatures vanquished

Notes
Turn   | Place    | Note
-------+----------+-------------------------------------------
     0 | D:1      | zkyp the Gargoyle Gladiator began the quest for the Orb.
     0 | D:1      | Reached XP level 1. HP: 12/12 MP: 1/1
   163 | D:1      | Reached skill level 3 in Axes
   163 | D:1      | Reached XP level 2. HP: 18/18 MP: 2/2
   469 | D:1      | Reached XP level 3. HP: 22/22 MP: 3/3
  1377 | D:2      | Noticed Jessica
  1385 | D:2      | Killed Jessica
  1386 | D:2      | Reached skill level 4 in Axes
  1386 | D:2      | Reached XP level 4. HP: 28/28 MP: 4/4
  1653 | D:2      | Found Enumeyji's Distillery.
  1753 | D:2      | Noticed Sigmund
  1772 | D:2      | Killed Sigmund
  1773 | D:2      | Reached skill level 5 in Axes
  1773 | D:2      | Reached XP level 5. HP: 31/33 MP: 5/5
  1773 | D:2      | Reached XP level 6. HP: 36/38 MP: 6/6
  2329 | D:3      | Noticed a necrophage
  2337 | D:2      | Killed a necrophage
  2456 | D:3      | Found a stormy altar of Qazlal.
  2537 | D:3      | Found an iron altar of Okawaru.
  2546 | D:3      | Became a worshipper of Warmaster Okawaru
  2591 | D:3      | Found a faded altar of an unknown god.
  3087 | D:4      | Identified the amulet "Wuryr" {Acrobat +Blink rN+ Stlth+}
  3275 | D:4      | Noticed Edmund
  3278 | D:4      | Noticed a black bear
  3349 | D:4      | Killed a black bear
  3350 | D:4      | Reached XP level 7. HP: 29/44 MP: 7/7
  3892 | D:5      | Entered Level 5 of the Dungeon
  3946 | D:4      | Killed Edmund
  4172 | D:5      | Noticed a two-headed ogre
  4178 | D:5      | Reached * piety under Okawaru
  4203 | D:4      | Killed a two-headed ogre
  4203 | D:4      | Reached ** piety under Okawaru
  4204 | D:4      | Reached XP level 8. HP: 9/48 MP: 8/8
  4416 | D:2      | Bought a potion of heal wounds for 65 gold pieces
  4416 | D:2      | Bought a potion of curing for 39 gold pieces
  5510 | D:5      | Found a shimmering blue altar of Sif Muna.
  5558 | D:5      | Reached skill level 1 in Invocations
  5738 | D:5      | Found a blossoming altar of Fedhas.
  5739 | D:5      | Found a shadowy altar of Dithmenos.
  6100 | D:5      | Reached XP level 9. HP: 52/52 MP: 10/10
  6551 | D:6      | Reached skill level 5 in Invocations
  6736 | D:6      | Noticed a six-headed hydra
  7441 | D:6      | Reached *** piety under Okawaru
  7465 | D:6      | Reached skill level 6 in Axes
  7603 | D:7      | Reached skill level 5 in Fighting
  8174 | D:7      | Found an opulent altar of Gozag.
  8188 | D:7      | Reached XP level 10. HP: 54/60 MP: 15/15
  8227 | D:7      | Found a staircase to the Ecumenical Temple.
  8237 | D:7      | Reached skill level 7 in Axes
  8619 | D:8      | Identified a scroll of acquirement
  8619 | D:8      | Acquired 1092 gold pieces
  8654 | D:8      | Reached **** piety under Okawaru
  8685 | D:8      | Received a gift from Okawaru
  8853 | D:8      | Reached skill level 8 in Axes
  8910 | D:8      | Found the +8 orange crystal plate armour {Archmagi, Int+3
                  | Clar}
  9070 | D:8      | Found a runed translucent door.
  9089 | D:8      | Found a burning altar of Makhleb.
  9817 | D:8      | Noticed a flayed ghost
  9820 | D:8      | Found a white marble altar of Elyvilon.
  9938 | D:8      | Reached skill level 9 in Axes
  9983 | D:8      | Found a glowing silver altar of Zin.
 10006 | D:8      | Reached ***** piety under Okawaru
 10074 | D:8      | Found a basalt altar of Yredelemnul.
 10086 | D:8      | Reached skill level 10 in Axes
 10172 | D:8      | Received a gift from Okawaru
 10219 | D:8      | Reached XP level 11. HP: 65/65 MP: 16/16
 10226 | D:8      | Found a stormy altar of Qazlal.
 10319 | D:8      | Found a radiant altar of Vehumet.
 10476 | D:8      | Reached skill level 11 in Axes
 10858 | D:9      | Noticed a centaur warrior
 10868 | D:9      | Killed a centaur warrior
 10868 | D:9      | Identified the +12 short sword of Greed {speed, rC- rCorr
                  | Int+7} (Okawaru gifted it to you on level 9 of the Dungeon)
 10868 | D:9      | Received a gift from Okawaru
 10973 | D:9      | Found a runed translucent door.
 11121 | D:9      | Found a basalt altar of Yredelemnul.
 11343 | D:9      | Reached skill level 12 in Axes
 11398 | D:9      | Found Puwiem's Antique Armour Emporium.
 11406 | D:9      | Bought a twisted chain mail for 294 gold pieces
 11406 | D:9      | Identified the +8 chain mail of Daboesk {rElec rCorr Dex-3}
                  | (You bought it in a shop on level 9 of the Dungeon)
 11704 | D:9      | Noticed a tengu warrior
 11719 | D:9      | Killed a tengu warrior
 11915 | D:10     | Entered Level 10 of the Dungeon
 12237 | D:10     | Found a radiant altar of Vehumet.
 12243 | D:10     | Noticed a white ugly thing
 12250 | D:10     | Slain by a white ugly thing

Illustrated notes

Levels and vault maps discovered:
D:1:      minmay_arrival_wavy_path, layout_loops_corners
D:2:      layout_loops_corners, serial_shops, shop, uniq_sigmund, uniq_jessica
D:3:      layout_basic, okawaru_trees_1, mainiacjoe_overflow_chevrons,
          ebering_ecumenical_altar_rust, minivault_26, grunt_ministairs_2
D:4:      layout_loops_ring, uniq_edmund
D:5:      layout_layer_cave, nicolae_overflow_squiral,
          mainiacjoe_overflow_alcove_1
D:6:      hellmonk_warped_wall, layout_cave_pools
D:7:      layout_rooms, mainiacjoe_overflow_alcove_4,
          minmay_temple_entry_statues_pillars
D:8:      due_megacathedral, layout_cave_pods, enter_bailey_3
D:9:      layout_loops_ring, dk_yredelemnul_ordeal, serial_shops,
          nicolae_square_shop
D:10:     layout_basic, nicolae_vehumet_radiance, dpeg_lair_monsters

Skill      XL: |  1  2  3  4  5  6  7  8  9 10 11 |
---------------+----------------------------------+-----
Axes           | 3 4 5 6 10 12 | 12.0
Fighting       | 3 4 5 6 |  6.3
Armour         | 2 7 9 |  9.2
Invocations    | 2 7 |  7.3
Dodging        | 4 |  4.1
Throwing       | |  1.7

Action                   |  1- 3 |  4- 6 |  7- 9 | 10-12 || total
-------------------------+-------+-------+-------+-------++-------
Melee: War axe           |    73 |   127 |   292 |    27 ||   519
       Punch             |     1 |     2 |     3 |       ||     6
       Dire flail        |       |       |     4 |       ||     4
       Battleaxe         |       |       |       |   395 ||   395
Throw: Throwing net      |     1 |     1 |       |     1 ||     3
       Dart              |       |     1 |    10 |     1 ||    12
       Javelin           |       |       |       |     3 ||     3
Invok: Heroism           |       |       |     2 |     2 ||     4
Evoke: Wand              |       |     1 |       |       ||     1
  Use: Scroll            |       |     1 |     7 |     8 ||    16
       Potion            |       |       |     3 |       ||     3
 Stab: Held in net/web   |     1 |       |       |     1 ||     2
       Sleeping          |     1 |       |       |       ||     1
Armor: Leather armour    |    12 |       |       |       ||    12
       Chain mail        |    22 |    96 |   212 |    34 ||   364
       Crystal plate arm |       |       |       |   579 ||   579
Dodge: Dodged            |    29 |    63 |   192 |   216 ||   500
